| TOP OF THE 1ST |
|
Great Falls Voyagers batting - Pitching for Bluefield Blue Jays : LHP Eddie Muniz
|
|
Pitching: LHP Eddie Muniz
|
|
|
Batting: RHB Andy Cotton
|
0-0: Ball 1-0: Ball 2-0: Called Strike 2-1: Foul Ball, location: 2F 2-2: Ball 3-2: Fly out, F8 (Flyball, 89XD, EV 86.9 MPH)
|
|
Batting: RHB Kasey Bland
|
0-0: Called Strike 0-1: Called Strike 0-2: Ball 1-2: Ball 2-2: Ball 3-2: Base on Balls
|
|
Batting: LHB Carlos Ramirez
|
0-0: Foul Ball, location: 2F 0-1: Ball 1-1: Ball Kasey Bland steals 2nd base 2-1: Called Strike 2-2: Ball 3-2: DOUBLE (Line Drive, 7LM, EV 95.6 MPH) Kasey Bland scores
|
|
Batting: RHB Vic Lucatero
|
0-0: SINGLE (Groundball, 56D, EV 97.5 MPH) Carlos Ramirez to third
|
|
Batting: RHB Duncan Collins
|
0-0: Called Strike 0-1: Ball 1-1: Ball 2-1: Fly out, F9 (Line Drive, 9D, EV 99.4 MPH) Runner from 3rd tags up, SCORES, no throw by RF
|
|
Batting: LHB Josh Pittman
|
0-0: Called Strike 0-1: Called Strike 0-2: Ball 1-2: Ball 2-2: Foul Ball, location: 2F 2-2: Ball 3-2: Strikes out swinging
|
| Top of the 1st over - 2 runs, 2 hits, 0 errors, 1 left on base; Great Falls 2 - Bluefield 0 |
| BOTTOM OF THE 1ST |
|
Bluefield Blue Jays batting - Pitching for Great Falls Voyagers : LHP Phil Peterson
|
|
Pitching: LHP Phil Peterson
|
|
|
Batting: RHB Jose Ontiveros
|
0-0: Foul Ball, location: 2F 0-1: Ball 1-1: Foul Ball, location: 2F 1-2: Ground out 5-3 (Groundball, 56, EV 85.0 MPH)
|
|
Batting: RHB Wade Diamond
|
0-0: Called Strike 0-1: Ball 1-1: Ball 2-1: Ball 3-1: Base on Balls
|
|
Batting: LHB Cesar Arteaga
|
0-0: Called Strike 0-1: Foul Ball, location: 2F 0-2: Ball 1-2: Ball 2-2: Fly out, F8 (Flyball, 89M, EV 92.5 MPH)
|
|
Batting: SHB Jack Andrews
|
0-0: Called Strike Pickoff Throw to First - Error! E1 Wade Diamond to second 0-1: Foul Ball, location: 2F 0-2: Strikes out swinging
|
| Bottom of the 1st over - 0 runs, 0 hits, 1 error, 1 left on base; Great Falls 2 - Bluefield 0 |
| TOP OF THE 2ND |
|
Great Falls Voyagers batting - Pitching for Bluefield Blue Jays : LHP Eddie Muniz
|
|
Batting: SHB Matt Childers
|
0-0: Ball 1-0: Foul Ball, location: 2F 1-1: Ball 2-1: Called Strike 2-2: Strikes out swinging
|
|
Batting: SHB Jose Romo
|
0-0: Foul Ball, location: 2F 0-1: Fly out, F8 (Flyball, 8LS, EV 93.1 MPH)
|
|
Batting: RHB Juan Tovar
|
0-0: Called Strike 0-1: Foul Ball, location: 2F 0-2: Ball 1-2: Strikes out swinging
|
| Top of the 2nd over - 0 runs, 0 hits, 0 errors, 0 left on base; Great Falls 2 - Bluefield 0 |
| BOTTOM OF THE 2ND |
|
Bluefield Blue Jays batting - Pitching for Great Falls Voyagers : LHP Phil Peterson
|
|
Batting: RHB John Hering
|
0-0: Ball 1-0: Ball 2-0: Foul Ball, location: 2F 2-1: Foul Ball, location: 2F 2-2: Foul Ball, location: 2F 2-2: Ball 3-2: Foul Ball, location: 2F 3-2: Foul Ball, location: 2F 3-2: Base on Balls
|
|
Batting: RHB Chris Martin
|
0-0: Fielders Choice at 2nd, 6-4 (Groundball, 6, EV 98.8 MPH)
|
|
Batting: RHB Tokuji Kawabata
|
0-0: Ball Chris Martin steals 2nd base 1-0: 2-RUN HOME RUN (Flyball, 78XD, EV 105.0 MPH), Distance : 416 ft
|
|
Batting: LHB Frank Nelson
|
0-0: Foul Ball, location: 2F 0-1: Called Strike 0-2: Foul Ball, location: 2F 0-2: Foul Ball, location: 2F 0-2: Ball 1-2: Foul Ball, location: 2F 1-2: Foul Ball, location: 2F 1-2: Ball 2-2: Ball 3-2: Ground out 4-3 (Groundball, 4, EV 86.3 MPH)
|
|
Batting: SHB Scott Robbins
|
0-0: Foul Ball, location: 2F 0-1: Swinging Strike 0-2: Ground out 6-3 (Groundball, 6, EV 84.4 MPH)
|
| Bottom of the 2nd over - 2 runs, 1 hit, 0 errors, 0 left on base; Great Falls 2 - Bluefield 2 |
| TOP OF THE 3RD |
|
Great Falls Voyagers batting - Pitching for Bluefield Blue Jays : LHP Eddie Muniz
|
|
Batting: RHB Andy Cotton
|
0-0: Called Strike 0-1: Swinging Strike 0-2: Strikes out swinging
|
|
Batting: RHB Kasey Bland
|
0-0: Ball 1-0: Foul Ball, location: 2F 1-1: Fly out, F7 (Flyball, 7LS, EV 93.8 MPH)
|
|
Batting: LHB Carlos Ramirez
|
0-0: Ball 1-0: Ball 2-0: Called Strike 2-1: Ball 3-1: Called Strike 3-2: Base on Balls
|
|
Batting: RHB Vic Lucatero
|
0-0: Ball 1-0: Ball 2-0: Foul Ball, location: 2F 2-1: Swinging Strike 2-2: Strikes out swinging
|
| Top of the 3rd over - 0 runs, 0 hits, 0 errors, 1 left on base; Great Falls 2 - Bluefield 2 |
| BOTTOM OF THE 3RD |
|
Bluefield Blue Jays batting - Pitching for Great Falls Voyagers : LHP Phil Peterson
|
|
Batting: RHB Jose Ontiveros
|
0-0: Ball 1-0: Called Strike 1-1: Ball 2-1: Foul Ball, location: 2F 2-2: Fly out, F8 (Flyball, 89M, EV 94.4 MPH)
|
|
Batting: RHB Wade Diamond
|
0-0: Called Strike 0-1: Called Strike 0-2: Ball 1-2: Strikes out swinging
|
|
Batting: LHB Cesar Arteaga
|
0-0: Ball 1-0: Ball 2-0: Ball 3-0: Base on Balls
|
|
Batting: SHB Jack Andrews
|
0-0: Called Strike Cesar Arteaga steals 2nd base 0-1: Ground out 3-1 (Groundball, 34S, EV 85.6 MPH)
|
| Bottom of the 3rd over - 0 runs, 0 hits, 0 errors, 1 left on base; Great Falls 2 - Bluefield 2 |
| TOP OF THE 4TH |
|
Great Falls Voyagers batting - Pitching for Bluefield Blue Jays : LHP Eddie Muniz
|
|
Batting: RHB Duncan Collins
|
0-0: Fly out, F9 (Flyball, 89D, EV 95.6 MPH)
|
|
Batting: LHB Josh Pittman
|
0-0: Ball 1-0: Foul Ball, location: 2F 1-1: Called Strike 1-2: SINGLE (Groundball, 6M, EV 104.4 MPH) (infield hit)
|
|
Batting: SHB Matt Childers
|
0-0: Swinging Strike 0-1: Ball 1-1: Ball 2-1: Ball 3-1: Base on Balls Josh Pittman to second
|
|
Batting: SHB Jose Romo
|
0-0: Foul Ball, location: 2F 0-1: Ball Wild Pitch! Josh Pittman to third Matt Childers to second 1-1: Ball 2-1: Fly out, F5 (Popup, 5, EV 73.8 MPH)
|
|
Batting: RHB Juan Tovar
|
0-0: Ball 1-0: Ball 2-0: Called Strike 2-1: Foul Ball, location: 2F 2-2: Ball 3-2: Foul Ball, location: 2F 3-2: Base on Balls
|
|
Batting: RHB Andy Cotton
|
0-0: Ball 1-0: Swinging Strike 1-1: Swinging Strike 1-2: Strikes out looking
|
| Top of the 4th over - 0 runs, 1 hit, 0 errors, 3 left on base; Great Falls 2 - Bluefield 2 |
| BOTTOM OF THE 4TH |
|
Bluefield Blue Jays batting - Pitching for Great Falls Voyagers : LHP Phil Peterson
|
|
Batting: RHB John Hering
|
0-0: Foul Ball, location: 2F 0-1: DOUBLE (Line Drive, 78D, EV 104.4 MPH)
|
|
Batting: RHB Chris Martin
|
0-0: Ball 1-0: Foul Ball, location: 2F 1-1: Ball 2-1: Fly out, F9 (Flyball, 9LS, EV 86.9 MPH)
|
|
Batting: RHB Tokuji Kawabata
|
0-0: Ball 1-0: DOUBLE (Line Drive, 89M, EV 92.5 MPH) John Hering scores
|
|
Batting: LHB Frank Nelson
|
0-0: Ball 1-0: Ball 2-0: Called Strike 2-1: Ball 3-1: Swinging Strike 3-2: Base on Balls
|
|
Batting: SHB Scott Robbins
|
0-0: Called Strike 0-1: Swinging Strike 0-2: Ball 1-2: SINGLE (Groundball, 56D, EV 99.4 MPH) Tokuji Kawabata to third Frank Nelson to second Runner from 3rd tries for Home, SAFE, throw by LF to home
|
|
Batting: RHB Jose Ontiveros
|
0-0: Foul Ball, location: 2F 0-1: Ball 1-1: DOUBLE (Flyball, 8RXD, EV 107.5 MPH) Frank Nelson scores Scott Robbins to third Runner from 3rd tries for Home, SAFE, no throw by CF
|
|
Pitching: RHP Brian Wesolek
|
|
|
Batting: RHB Wade Diamond
|
0-0: Ball 1-0: Called Strike 1-1: Ball 2-1: Called Strike 2-2: Fly out, F8 (Flyball, 8LD, EV 95.6 MPH)
|
|
Batting: LHB Cesar Arteaga
|
0-0: Ball 1-0: Ball 2-0: Swinging Strike 2-1: Ball 3-1: Base on Balls
|
|
Batting: SHB Jack Andrews
|
0-0: Ball 1-0: Ground out 4-3 (Groundball, 34, EV 86.3 MPH)
|
| Bottom of the 4th over - 4 runs, 4 hits, 0 errors, 2 left on base; Great Falls 2 - Bluefield 6 |
| TOP OF THE 5TH |
|
Great Falls Voyagers batting - Pitching for Bluefield Blue Jays : LHP Eddie Muniz
|
|
Batting: RHB Kasey Bland
|
0-0: Called Strike 0-1: Ground out 6-3 (Groundball, 6, EV 92.5 MPH)
|
|
Batting: LHB Carlos Ramirez
|
0-0: Fly out, F8 (Flyball, 8LS, EV 84.4 MPH)
|
|
Batting: RHB Vic Lucatero
|
0-0: Called Strike 0-1: Foul Ball, location: 2F 0-2: Ball 1-2: Ball 2-2: SINGLE (Flyball, 89S, EV 83.8 MPH)
|
|
Batting: RHB Duncan Collins
|
0-0: Foul Ball, location: 2F 0-1: Foul Ball, location: 2F 0-2: Fly out, F9 (Flyball, 9S, EV 79.4 MPH)
|
| Top of the 5th over - 0 runs, 1 hit, 0 errors, 1 left on base; Great Falls 2 - Bluefield 6 |
| BOTTOM OF THE 5TH |
|
Bluefield Blue Jays batting - Pitching for Great Falls Voyagers : RHP Brian Wesolek
|
|
Batting: RHB John Hering
|
0-0: Called Strike 0-1: Ball 1-1: Ball 2-1: SINGLE (Groundball, 56D, EV 105.0 MPH)
|
|
Batting: RHB Chris Martin
|
0-0: Called Strike 0-1: Ball Wild Pitch! John Hering to second 1-1: Foul Ball, location: 2F 1-2: Ball 2-2: Ball 3-2: Fly out, F7 (Flyball, 7D, EV 93.1 MPH) Runner from 2nd tags up, SAFE at 3rd with throw by LF
|
|
Batting: RHB Tokuji Kawabata
|
0-0: Called Strike 0-1: Ball 1-1: Foul Ball, location: 2F 1-2: DOUBLE (Line Drive, 5D, EV 101.9 MPH) John Hering scores
|
|
Batting: LHB Frank Nelson
|
0-0: Foul Ball, location: 2F 0-1: Ball 1-1: Ball 2-1: Fly out, F7 (Flyball, 78S, EV 80.0 MPH)
|
|
Batting: SHB Scott Robbins
|
0-0: Called Strike 0-1: Ball 1-1: Foul Ball, location: 2F 1-2: Foul Ball, location: 2F 1-2: Foul Ball, location: 2F 1-2: SINGLE (Groundball, 23, EV 76.3 MPH) (infield hit) Tokuji Kawabata to third
|
|
Batting: RHB Jose Ontiveros
|
0-0: Ball 1-0: Ball 2-0: Called Strike 2-1: Foul Ball, location: 2F 2-2: Ball 3-2: Ground out 1-3 (Groundball, 13S, EV 70.6 MPH)
|
| Bottom of the 5th over - 1 run, 3 hits, 0 errors, 2 left on base; Great Falls 2 - Bluefield 7 |
| TOP OF THE 6TH |
|
Great Falls Voyagers batting - Pitching for Bluefield Blue Jays : LHP Eddie Muniz
|
|
Batting: LHB Josh Pittman
|
0-0: Ball 1-0: Ball 2-0: Ball 3-0: Called Strike 3-1: Swinging Strike 3-2: Strikes out swinging
|
|
Batting: SHB Matt Childers
|
0-0: Foul Ball, location: 2F 0-1: Called Strike 0-2: Ball 1-2: Ball 2-2: Ball 3-2: Foul Ball, location: 2F 3-2: Strikes out swinging
|
|
Batting: SHB Jose Romo
|
0-0: Called Strike 0-1: Foul Ball, location: 2F 0-2: Strikes out swinging
|
| Top of the 6th over - 0 runs, 0 hits, 0 errors, 0 left on base; Great Falls 2 - Bluefield 7 |
| BOTTOM OF THE 6TH |
|
Bluefield Blue Jays batting - Pitching for Great Falls Voyagers : RHP Brian Wesolek
|
|
Pitching: RHP Maury Compson
|
|
|
Batting: RHB Wade Diamond
|
0-0: Called Strike 0-1: Ball 1-1: Ball 2-1: Foul Ball, location: 2F 2-2: Ball 3-2: Foul Ball, location: 2F 3-2: Base on Balls
|
|
Batting: LHB Cesar Arteaga
|
0-0: Ball 1-0: Ball 2-0: Called Strike 2-1: Fielders Choice at 2nd, 4-6 (Groundball, 34D, EV 103.8 MPH)
|
|
Batting: SHB Jack Andrews
|
0-0: Ball Cesar Arteaga steals 2nd base 1-0: Called Strike 1-1: Ball 2-1: Swinging Strike 2-2: Fly out, F5 (Popup, 25F, EV 93.1 MPH)
|
|
Batting: RHB John Hering
|
0-0: Swinging Strike 0-1: Ball 1-1: Ground out 4-3 (Groundball, 4MS, EV 64.4 MPH)
|
| Bottom of the 6th over - 0 runs, 0 hits, 0 errors, 1 left on base; Great Falls 2 - Bluefield 7 |
| TOP OF THE 7TH |
|
Great Falls Voyagers batting - Pitching for Bluefield Blue Jays : LHP Eddie Muniz
|
|
Pitching: LHP Bruce Knight
|
|
|
Batting: RHB Juan Tovar
|
0-0: Ball 1-0: Foul Ball, location: 2F 1-1: Ball 2-1: SINGLE (Line Drive, 89S, EV 104.4 MPH)
|
|
Batting: RHB Andy Cotton
|
0-0: Foul Ball, location: 2F 0-1: Foul Ball, location: 2F 0-2: Ball 1-2: Ball 2-2: Strikes out swinging
|
|
Batting: RHB Kasey Bland
|
0-0: Foul Ball, location: 2F 0-1: Ball 1-1: Ball 2-1: Foul Ball, location: 2F 2-2: Ball 3-2: Strikes out swinging
|
|
Batting: LHB Carlos Ramirez
|
0-0: Ball 1-0: Foul Ball, location: 2F 1-1: Called Strike 1-2: Foul Ball, location: 2F 1-2: Strikes out swinging
|
| Top of the 7th over - 0 runs, 1 hit, 0 errors, 1 left on base; Great Falls 2 - Bluefield 7 |
| BOTTOM OF THE 7TH |
|
Bluefield Blue Jays batting - Pitching for Great Falls Voyagers : RHP Maury Compson
|
|
Batting: RHB Chris Martin
|
0-0: Called Strike 0-1: Foul Ball, location: 2F 0-2: Foul Ball, location: 2F 0-2: Foul Ball, location: 2F 0-2: Ball 1-2: Foul Ball, location: 2F 1-2: Fly out, F7 (Flyball, 7, EV 85.6 MPH)
|
|
Batting: RHB Tokuji Kawabata
|
0-0: Foul Ball, location: 2F 0-1: Ball 1-1: Foul Ball, location: 2F 1-2: Ball 2-2: SINGLE (Line Drive, 8LS, EV 90.0 MPH)
|
|
Pitching: LHP Matt Donnelly
|
|
|
Batting: LHB Frank Nelson
|
0-0: Foul Ball, location: 2F 0-1: SINGLE (Groundball, 3, EV 81.3 MPH) (infield hit) Tokuji Kawabata to second
|
|
Batting: SHB Scott Robbins
|
0-0: Ball Tokuji Kawabata steals 3rd base 1-0: Fielders Choice at 2nd, 6-4 (Groundball, 6, EV 85.0 MPH) Tokuji Kawabata scores
|
|
Batting: RHB Jose Ontiveros
|
0-0: Called Strike 0-1: Ball 1-1: Foul Ball, location: 2F 1-2: TRIPLE (Line Drive, 9LD, EV 102.5 MPH) Scott Robbins scores
|
|
Batting: RHB Wade Diamond
|
0-0: Foul Ball, location: 2F 0-1: Foul Ball, location: 2F 0-2: Ball 1-2: SINGLE (Flyball, 7S, EV 97.5 MPH) Jose Ontiveros scores
|
|
Pinch Hitting: RHB Jose Molina
|
0-0: Ball 1-0: Ball 2-0: Called Strike 2-1: Foul Ball, location: 2F 2-2: Foul Ball, location: 2F 2-2: Foul Ball, location: 2F 2-2: SINGLE (Line Drive, 78S, EV 100.6 MPH) Wade Diamond to second
|
|
Batting: SHB Jack Andrews
|
0-0: Ball 1-0: Foul Ball, location: 2F 1-1: Foul Ball, location: 2F 1-2: Ball 2-2: Fly out, F7 (Flyball, 78D, EV 96.9 MPH)
|
| Bottom of the 7th over - 3 runs, 5 hits, 0 errors, 2 left on base; Great Falls 2 - Bluefield 10 |
| TOP OF THE 8TH |
|
Great Falls Voyagers batting - Pitching for Bluefield Blue Jays : LHP Bruce Knight
|
|
Now at 1B: Ed Swafford
|
|
|
Pinch Hitting: RHB Josh Newby
|
0-0: Ball 1-0: Foul Ball, location: 2F 1-1: Ball 2-1: Ground out 4-3 (Groundball, 4, EV 91.3 MPH)
|
|
Batting: RHB Duncan Collins
|
0-0: Called Strike 0-1: Ball 1-1: Foul Ball, location: 2F 1-2: Ball 2-2: SINGLE (Flyball, 9S, EV 86.9 MPH)
|
|
Batting: LHB Josh Pittman
|
0-0: Ball 1-0: Grounds into double play, 5-4-3 (Groundball, 56, EV 89.4 MPH)
|
| Top of the 8th over - 0 runs, 1 hit, 0 errors, 0 left on base; Great Falls 2 - Bluefield 10 |
| BOTTOM OF THE 8TH |
|
Bluefield Blue Jays batting - Pitching for Great Falls Voyagers : LHP Matt Donnelly
|
|
Now in LF: Josh Pittman
|
|
|
Now in RF: Josh Newby
|
|
|
Batting: RHB John Hering
|
0-0: Called Strike 0-1: Foul Ball, location: 2F 0-2: Strikes out swinging
|
|
Pitching: RHP Rick Sacket
|
|
|
Batting: RHB Chris Martin
|
0-0: Called Strike 0-1: Ball 1-1: Foul Ball, location: 2F 1-2: Foul Ball, location: 2F 1-2: Ball 2-2: Ground out 5-3 (Groundball, 56S, EV 66.3 MPH)
|
|
Batting: RHB Tokuji Kawabata
|
0-0: Ball 1-0: Fly out, F8 (Flyball, 8RS, EV 89.4 MPH)
|
| Bottom of the 8th over - 0 runs, 0 hits, 0 errors, 0 left on base; Great Falls 2 - Bluefield 10 |
| TOP OF THE 9TH |
|
Great Falls Voyagers batting - Pitching for Bluefield Blue Jays : LHP Bruce Knight
|
|
Pinch Hitting: RHB Billy Grubbs
|
0-0: Foul Ball, location: 2F 0-1: Fly out, F9 (Flyball, 9LS, EV 88.8 MPH)
|
|
Batting: SHB Jose Romo
|
0-0: Fly out, F8 (Flyball, 8LM, EV 88.1 MPH)
|
|
Batting: RHB Juan Tovar
|
0-0: Called Strike 0-1: Foul Ball, location: 2F 0-2: Ball 1-2: Ball 2-2: Strikes out swinging
|
| Top of the 9th over - 0 runs, 0 hits, 0 errors, 0 left on base; Great Falls 2 - Bluefield 10 |
|